 Dungeon Crawl Stone Soup version 0.31-a0-435-g2c6fae2916 (webtiles) character file.

Game seed: 14167919314347025713

9 nono the Sneak (level 2, -2/16 HPs)
             Began as a Vine Stalker Delver on Aug 1, 2023.
             Slain by a water moccasin (5 damage)
             ... on level 5 of the Dungeon.
             The game lasted 00:01:15 (137 turns).

nono the Sneak (Vine Stalker Delver)                 Turns: 137, Time: 00:01:16

Health: -2/16      AC:  3    Str: 14    XL:     2   Next: 12%
Magic:  0/3        EV: 11    Int: 10    God:
Gold:   0          SH:  0    Dex: 15    Spells: 1/1 levels left

rFire   . . .        a - +0 short sword
rCold   . . .        (no shield)
rNeg    . . .        b - +0 leather armour
rPois   .            (no helmet)
rElec   .            (no cloak)
rCorr   .            (no gloves)
SInv    .            (no boots)
Will    .....        (no amulet)
Stlth   +++          (no ring)
HPRegen 0.22/turn    (no ring)
MPRegen 0.08/turn

%: guardian spirit
@: no status effects
A: fangs 2, magic shield, antimagic bite, no potion heal 2
a: no special abilities


You were on level 5 of the Dungeon.
You visited 1 branch of the dungeon, and saw 1 of its levels.

Inventory:

Hand Weapons
 a - a +0 short sword (weapon)
Armour
 b - a +0 leather armour (worn)
 h - a +0 chain mail
Wands
 g - a wand of digging (3)
Scrolls
 c - a scroll of fog
Potions
 e - a potion of heal wounds {unknown}
 f - a potion of haste
 i - a potion of brilliance {unknown}


   Skills:
 + Level 2.8 Fighting
 + Level 2.0 Short Blades
 - Level 1.5 Dodging
 + Level 6.1 Stealth
 + Level 0.5 Shields


You had one spell level left.
You didn't know any spells.
Your spell library was empty.

Dungeon Overview and Level Annotations

Branches:
Dungeon (5/15)
 Temple: D:4-7

Altars:


Innate Abilities, Weirdness & Mutations

You have extremely sharp teeth.
When hurt, damage is shared between your health and your magic reserves.
Your bite disrupts and absorbs the magic of your enemies.
Potions cannot restore your health.


Message History

Found an opal ring.
An adder comes into view.
The adder hisses angrily.
You hit the adder. You bite the adder, but do no damage.
The adder is moderately wounded.
The adder bites you.
You are poisoned.
The adder poisons you!
You hit the adder but do no damage. You bite the adder. You drain its power.
You feel invigorated.
The adder is heavily wounded.
You feel sick. The adder closely misses you.
You barely miss the adder.
The adder is heavily wounded.
You feel sick. The adder bites you. The adder closely misses you.
You completely miss the adder.
The adder is heavily wounded.
You feel sick. The adder closely misses you.
You hit the adder.
The adder is heavily wounded.
You feel sick.
You are no longer poisoned.
The water moccasin bites you.
* * * LOW HITPOINT WARNING * * *
The adder bites you.
* * * LOW HITPOINT WARNING * * *
You hit the adder.
You kill the adder!
The water moccasin misses you. The water moccasin closely misses you.
Your Short Blades skill increases to level 2!
You have reached level 2!
You closely miss the water moccasin. You bite the water moccasin.
You drain its power.
You feel invigorated.
The water moccasin is lightly wounded.
The water moccasin barely misses you.
You barely miss the water moccasin. You bite the water moccasin.
You drain its power.
The water moccasin is moderately wounded.
The water moccasin bites you!
You die...

,,,,,,,,,,* *,**,,,,,)..*
,,*,*****,***,**,****#S.#
,,,,,,,,,,,,,,**,* #..# ######
,,*,*******,*.#*,* #..# #.....
***,* *,*,..,* #..# #.#### *,*
*,*,*#.#####..####.# *,*
*,*,**.............#### *,*
##.#.#####..##..........
*,*****#...=..@S......#########
*,,,,,,..#.######..####
********,,,,,,.....#
**,***#####.# *>*******#.#
*,,,,,,,,..# *********###


You could see a water moccasin.

Vanquished Creatures
  An adder (D:5)
1 creature vanquished.

Notes
Turn   | Place    | Note
-------+----------+-------------------------------------------
     0 | D:5      | nono the Vine Stalker Delver began the quest for the Orb.
     0 | D:5      | Reached XP level 1. HP: 11/11 MP: 2/2
    34 | D:5      | Noticed a water moccasin
   136 | D:5      | Reached XP level 2. HP: 3/16 MP: 1/3
   137 | D:5      | Slain by a water moccasin

Illustrated notes

Levels and vault maps discovered:
D:5:      layout_loops_ring, makhleb_grotto_becter, old_standard_altar,
          serial_glass, glass_columns_a, glass_columns_a, glass_columns_b,
          glass_columns_a, glass_columns_b, glass_columns_a,
          portal_sewer_entry_e

Skill      XL: |  1 |
---------------+----+-----
Short Blades   | 2 |  2.0
Fighting       | |  2.8
Dodging        | |  1.5
Stealth        | |  6.1
Shields        | |  0.5

Action                     || total
---------------------------++-------
  Melee: Short sword       ||     8
         Bite              ||     4
    Use: Scroll            ||     2
  Dodge: Dodged            ||     6

Table legend: (Time is in decaauts)
 A = Elapsed time spent in this place.
 B = Non-inter-level travel time spent in this place.
 C = Inter-level travel time spent in this place.
 D = Time resting spent in this place.
 E = Time spent auto-exploring this place.
 F = Levels seen in this place.
 G = Mean time per level.
                   A        B        C        D        E       F      G
               +--------+--------+--------+--------+--------+-----+--------+
         Total |    136 |    136 |      0 |      0 |      0 |   1 |  136.0 |
       Dungeon |    136 |    136 |      0 |      0 |      0 |   1 |  136.0 |
               +--------+--------+--------+--------+--------+-----+--------+

Top non-repeatable levels by time:
     D:5: 136 daAuts
